 Dungeon Crawl Stone Soup version 0.25.0-1-g7eea58d2a3 (webtiles) character file.

Game seed: 6183934932744110939

326 diana the Skirmisher (level 6, -1/50 HPs)
             Began as a Demonspawn Fighter on June 14, 2020.
             Killed from afar by an orc wizard (6 damage)
             ... with a magic dart
             ... on level 3 of the Dungeon.
             The game lasted 00:06:45 (3245 turns).

diana the Skirmisher (Demonspawn Fighter)           Turns: 3245, Time: 00:06:45

Health: -1/50      AC: 10    Str: 18    XL:     6   Next: 24%
Magic:  6/6        EV:  6    Int:  9    God:
Gold:   145        SH:  7    Dex: 13    Spells: 5/5 levels left

rFire    + + .     SeeInvis .   a - +0 flail
rCold    x . .     Gourm    .   c - +0 kite shield
rNeg     . . .     Faith    .   t - +0 fire dragon scales
rPois    .         Spirit   .   (no helmet)
rElec    .         Reflect  .   (no cloak)
rCorr    .         Harm     .   (no gloves)
MR       .....                  u - +0 pair of boots
Stlth    ..........             (no amulet)
HPRegen  0.16/turn              i - ring of wizardry
MPRegen  0.10/turn              y - ring of wizardry

@: very heavily drained
A: claws 2, rugged brown scales 1, demonic guardian 1, rot immunity
a: no special abilities


You were on level 3 of the Dungeon.
You were not hungry.

You visited 1 branch of the dungeon, and saw 4 of its levels.

You collected 145 gold pieces.

Inventory:

Hand Weapons
 a - a +0 flail (weapon)
Armour
 c - a +0 kite shield (worn)
 m - a +0 plate armour
 t - +0 fire dragon scales (worn)
 u - a +0 pair of boots (worn)
Jewellery
 i - a ring of wizardry (left claw)
 y - a ring of wizardry (right claw)
Wands
 v - a wand of random effects (19)
 x - a wand of digging (3)
Scrolls
 b - a scroll of teleportation {unknown}
 h - a scroll of fear {unknown}
 j - 4 scrolls of noise {unknown}
 k - a scroll of amnesia {unknown}
 n - 4 scrolls of identify {unknown}
 p - 2 scrolls of enchant weapon {unknown}
 r - 2 scrolls of blinking {unknown}
Potions
 d - a potion of might
 e - a potion of haste {unknown}
 g - a potion of flight {unknown}
 l - 2 potions of heal wounds
 o - a potion of lignification {unknown}
 q - a potion of cancellation {unknown}
 w - a potion of degeneration {unknown}
 z - a potion of curing {unknown}
Comestibles
 f - 2 rations


   Skills:
 + Level 4.3(0.7) Fighting
 + Level 3.3(0.0) Maces & Flails
 + Level 3.8(0.3) Armour
 + Level 4.0(0.4) Shields


You had 5 spell levels left.
You didn't know any spells.
Your spell library was empty.

Dungeon Overview and Level Annotations

Branches:
Dungeon (4/15)
 Temple: D:4-7

Altars:
Dithmenos
Qazlal
Sif Muna
Trog
Wu Jian
Xom


Innate Abilities, Weirdness & Mutations

You have very sharp fingernails.
You are partially covered in rugged brown scales. (AC +1, +3% HP)
A weak demonic guardian rushes to your aid.
You are immune to rotting.


Message History

The orc wizard hits you with a +0 dagger.
You closely miss the orc wizard.
The orc wizard is heavily wounded.
The orc wizard gestures at you while chanting.
The magic dart hits you.
* * * LOW HITPOINT WARNING * * *
The orc wizard mumbles some strange words.
The orc wizard blinks!
You closely miss the orc wizard.
The orc wizard is heavily wounded.
The orc wizard hits you with a +0 dagger.
* * * LOW HITPOINT WARNING * * *
The orc wizard hits you but does no damage.
The orc wizard points at you and mumbles some strange words.
The magic dart hits you.
* * * LOW HITPOINT WARNING * * *
You feel yourself speed up. The orc wizard casts a spell at you.
The magic dart hits you.
You die...

################
...............#
##############.##
#..>.......##..#
#......)...###.##
#......[...# #.5#
##..........####@############
....^..........o......>...†.#
##..........#####.####.####.#
#..........# #.# #.# #.#
#.......[..# #.## #.# #.#
#..........#####..###.####.#
############......[...)....#
#.#.............#
#.#.###)##.###.##


You could see an orc wizard and a friendly iron imp (summoned).

Vanquished Creatures
  Sigmund (D:2)
  Terence (D:2)
  An adder (D:2)
  An ooze (D:2)
  2 worms (D:2)
  2 dart slugs (D:2)
  5 leopard geckos
  2 orcs (D:3)
  8 bats
  2 giant cockroaches (D:2)
  9 goblins
  6 hobgoblins
  8 jackals
  5 kobolds
  3 quokkas
  A ball python (D:1)
  2 frilled lizards
  4 rats
  A bush (D:2)
64 creatures vanquished.

Vanquished Creatures (collateral kills)
  An ogre (D:2)
  A howler monkey (D:4)
  An iguana (D:2)
  An adder (D:4)
  2 orcs (D:4)
  A bat (D:2)
  A kobold (D:2)
8 creatures vanquished.

Grand Total: 72 creatures vanquished

Notes
Turn   | Place    | Note
-------+----------+-------------------------------------------
     0 | D:1      | diana the Demonspawn Fighter began the quest for the Orb.
     0 | D:1      | Reached XP level 1. HP: 18/18 MP: 1/1
   239 | D:1      | Gained mutation: You are partially covered in rugged brown
                  | scales. (AC +1, +3% HP) [demonic ancestry]
   239 | D:1      | Reached XP level 2. HP: 18/24 MP: 2/2
   625 | D:1      | Found a stormy altar of Qazlal.
   627 | D:1      | Found a shattered altar of Ashenzari.
   627 | D:1      | Found a shimmering altar of Xom.
   629 | D:1      | Found a shimmering blue altar of Sif Muna.
   629 | D:1      | Found an ornate altar of the Wu Jian Council.
   629 | D:1      | Found a bloodstained altar of Trog.
   858 | D:2      | Found a shimmering blue altar of Sif Muna.
   877 | D:2      | Found a shadowy altar of Dithmenos.
   899 | D:2      | Gained mutation: A weak demonic guardian rushes to your
                  | aid. [demonic ancestry]
   899 | D:2      | Reached XP level 3. HP: 28/29 MP: 3/3
  1139 | D:2      | Noticed Terence
  1172 | D:2      | Killed Terence
  1172 | D:2      | Gained mutation: You have sharp fingernails. [demonic
                  | ancestry]
  1172 | D:2      | Reached XP level 4. HP: 19/36 MP: 4/4
  1703 | D:2      | Noticed an ogre
  1709 | D:2      | Killed an ogre
  1709 | D:2      | Gained mutation: You have very sharp fingernails. [demonic
                  | ancestry]
  1709 | D:2      | Reached XP level 5. HP: 19/43 MP: 5/5
  1996 | D:2      | Noticed Sigmund
  2057 | D:2      | Killed Sigmund
  2057 | D:2      | Gained mutation: You are immune to rotting. [demonic
                  | ancestry]
  2057 | D:2      | Reached XP level 6. HP: 42/49 MP: 6/6
  3245 | D:3      | Killed from afar by an orc wizard

Illustrated notes

Levels and vault maps discovered:
D:1:      nzn_arrival_crosshair, layout_basic, doesnt_xom_only_xom
D:2:      layout_basic, lemuel_doored_altar, serial_forest,
          infiniplex_forest_straight_2, infiniplex_forest_corner_1,
          infiniplex_forest_clump_tiny, infiniplex_forest_straight_2,
          infiniplex_forest_end_3, infiniplex_forest_zigzag_2,
          infiniplex_forest_clump_double, lemuel_statue_altar, uniq_terence,
          uniq_sigmund
D:3:      layout_basic
D:4:      layout_cave_pools, kennysheep_mini_moat, minmay_temple_entry_mist

Skill      XL: |  1  2  3  4  5  6 |
---------------+-------------------+-----
Maces & Flails | 2 3 |  3.3
Shields        | 3 4 |  4.0
Armour         | 3 |  3.8
Fighting       | 4 |  4.3

Action                   |  1- 3 |  4- 6 || total
-------------------------+-------+-------++-------
Melee: Flail             |   122 |   347 ||   469
  Use: Potion            |       |     1 ||     1
  Eat: Chunk             |     1 |     8 ||     9
Armor: Scale mail        |    42 |       ||    42
       Plate armour      |    31 |   346 ||   377
       Fire dragon scale |       |    60 ||    60
Dodge: Dodged            |    33 |    59 ||    92
Block: Kite shield       |    49 |   202 ||   251
